 Dungeon Crawl Stone Soup version 0.29.1-12-g30fa7ad0bf (webtiles) character file.

Game seed: 2164462855076315728

21 112233 the Charlatan (level 3, -2/20 HPs)
             Began as a Kobold Artificer on Dec 28, 2022.
             Slain by a worm (10 damage)
             ... on level 2 of the Dungeon.
             The game lasted 00:00:58 (1223 turns).

112233 the Charlatan (Kobold Artificer)             Turns: 1223, Time: 00:00:59

Health: -2/20      AC:  3    Str:  9    XL:     3   Next: 2%
Magic:  3/3        EV: 14    Int: 14    God:
Gold:   16         SH:  0    Dex: 15    Spells: 2/2 levels left

rFire   . . .      SeeInvis .   i - +0 dagger
rCold   . . .      Faith    .   (no shield)
rNeg    . . .      Spirit   .   b - +0 leather armour
rPois   .          Reflect  .   (no helmet)
rElec   .          Harm     .   (no cloak)
rCorr   .          Rampage  .   (no gloves)
Will    .....                   (no boots)
Stlth   +++.......              (no amulet)
HPRegen 0.06/turn               (no ring)
MPRegen 0.08/turn               (no ring)

@: no status effects
A: small, no large weapons, nightstalker 3
a: no special abilities


You were on level 2 of the Dungeon.
You visited 1 branch of the dungeon, and saw 2 of its levels.

You collected 16 gold pieces.

Inventory:

Hand Weapons
 a - a +0 club
 i - a +0 dagger (weapon)
Armour
 b - a +0 leather armour (worn)
Jewellery
 h - an amulet of magic regeneration
Wands
 c - a wand of flame (11) (quivered)
 d - a wand of charming (15)
 e - a wand of iceblast (5)
Scrolls
 f - a scroll of enchant weapon {unknown}
 j - 2 scrolls of noise {unknown}
 l - a scroll of identify {unknown}
Potions
 g - a potion of heal wounds {unknown}
 k - 2 potions of haste {unknown}
 m - 3 potions of curing {unknown}
 n - a potion of attraction {unknown}


   Skills:
 + Level 1.6 Fighting
 + Level 0.9 Short Blades
 - Level 0.7 Armour
 + Level 2.8 Dodging
 + Level 2.1 Stealth
 + Level 3.9 Evocations


You had 2 spell levels left.
You didn't know any spells.
Your spell library contained the following spells:

 Spells                   Type           Power      Damage    Failure   Level
 Gell's Gravitas          Tloc           0%         N/A       75%         3
 Teleport Other           Tloc           0%         N/A       75%         3
 Leda's Liquefaction      Hex/Erth       0%         N/A       98%         4
 Lee's Rapid Deconstruct  Erth           0%         3d5*      100%        5
 Dispersal                Tloc           0%         N/A       100%        6
 Statue Form              Tmut/Erth      0%         N/A       100%        6


Dungeon Overview and Level Annotations

Branches:
Dungeon (2/15)

Altars:

Shops:
D:1 =*?


Innate Abilities, Weirdness & Mutations

You are small and have problems with some larger weapons.
You are completely attuned to the shadows.


Message History

Increase (S)trength, (I)ntelligence, or (D)exterity?
You feel clever. x2
Unknown command.
Found a stone staircase leading down.
There is a stone staircase leading down here.
A worm comes into view.
A worm is nearby!
A worm is nearby!
You hit the worm but do no damage. The worm closely misses you.
You hit the worm but do no damage. You barely miss the worm.
The worm misses you.
You hit the worm but do no damage. The worm bites you!
You hit the worm.
The worm is lightly wounded.
You hit the worm.
The worm is moderately wounded.
The worm misses you.
Unknown command.
The puff of flame hits the worm!
The worm is heavily wounded.
The puff of flame hits the worm.
The worm is severely wounded.
The puff of flame hits the worm.
The worm is almost dead.
Unknown command.
You barely miss the worm.
The worm is severely wounded.
You hit the worm but do no damage.
The worm is severely wounded.
The worm closely misses you.
You hit the worm but do no damage.
The worm is severely wounded.
The worm bites you.
You hit the worm but do no damage.
The worm is severely wounded.
You hit the worm but do no damage.
The worm is severely wounded.
The worm bites you!
Ouch! That really hurt!
You die...

##...#..### # ...####...#
### ###.##### ...#######
#......
##........#########.....
..........#.......##.##<
#.........>......##.###
##..................###
#....w@..#.........)...
...........#........####[
##.#......##........####.
...#.####>...............
.# #.....................
...........#.#.#....
#.....#..........##.
#.....#....###..###.
#....#..


You could see a worm.

Vanquished Creatures
  A bat (D:1)
  4 endoplasms
  2 giant cockroaches
  A goblin (D:1)
  2 jackals (D:1)
  2 quokkas (D:1)
  2 kobolds (D:1)
  3 rats (D:1)
17 creatures vanquished.

Notes
Turn   | Place    | Note
-------+----------+-------------------------------------------
     0 | D:1      | 112233 the Kobold Artificer began the quest for the Orb.
     0 | D:1      | Reached XP level 1. HP: 12/12 MP: 1/1
   221 | D:1      | Found Nipuenk's Magic Scroll Shoppe.
   251 | D:1      | Reached XP level 2. HP: 16/16 MP: 2/2
   332 | D:1      | Found Nivunt's Jewellery Shop.
   349 | D:1      | Found Forasyhu's General Store.
  1192 | D:2      | Reached XP level 3. HP: 20/20 MP: 3/3
  1223 | D:2      | Slain by a worm

Illustrated notes

Levels and vault maps discovered:
D:1:      shiori_arrival_maze, layout_loops_ring, serial_shops, shop,
          nicolae_square_shop, nicolae_shop_stone
D:2:      layout_rooms, minmay_indecisive_spiral

Skill      XL: |  1  2 |
---------------+-------+-----
Stealth        | 2 |  2.1
Fighting       | |  1.6
Short Blades   | |  0.9
Armour         | |  0.7
Dodging        | |  2.8
Evocations     | |  3.9

Action                   || total
-------------------------++-------
Melee: Club              ||    25
       Punch             ||     2
       Dagger            ||    35
Evoke: Wand              ||     4
 Stab: Sleeping          ||     9
Armor: Leather armour    ||     7
Dodge: Dodged            ||    45
